[Event "Early-Titled-Tuesday-Blitz-July-09-2024"]
[Site "Chess.com"]
[Date "2024.07.09"]
[Round "1"]
[White "Antek_Radzimski"]
[Black "GM-2023"]
[Result "1-0"]
[WhiteElo "2539"]
[BlackElo "1813"]
[TimeControl "180+1"]
[EndTime "8:01:44 PDT"]
[Termination "Antek_Radzimski won by checkmate"]

1. e4 d5 2. exd5 Qxd5 3. Nc3 Qd8 4. d4 Nf6 5. Nf3 e6 6. Be2 Be7 7. O-O O-O 8. Bf4 c6 9. Bd3 Bd6 10. Bg5 h6 11. Bh4 g5 12. Bg3 Bxg3 13. hxg3 Re8 14. Ne5 Nbd7 15. Qe2 Nxe5 16. Qxe5 Kg7 17. f4 gxf4 18.
Rxf4 Bd7 19. Raf1 c5 20. Rxf6 Bc6 21. Rxf7+ Kg8 22. Qg7# 1-0

[Event "Early-Titled-Tuesday-Blitz-July-09-2024"]
[Site "Chess.com"]
[Date "2024.07.09"]
[Round "1"]
[White "FerAsensio2024"]
[Black "pfalcon1949"]
[Result "1-0"]
[WhiteElo "2540"]
[BlackElo "1884"]
[TimeControl "180+1"]
[EndTime "8:01:59 PDT"]
[Termination "FerAsensio2024 won by resignation"]

1. d4 Nf6 2. Bf4 d5 3. Nc3 c5 4. e4 Nxe4 5. Nxe4 dxe4 6. dxc5 Qxd1+ 7. Rxd1 Bd7 8. Be3 Nc6 9. a3 e5 10. b4 a6 11. c3 Be7 12. f3 exf3 13. Nxf3 O-O 14.
Rxd7 1-0

[Event "Early-Titled-Tuesday-Blitz-July-09-2024"]
[Site "Chess.com"]
[Date "2024.07.09"]
[Round "1"]
[White "BashirliSaadat"]
[Black "Alonmindlin"]
[Result "0-1"]
[WhiteElo "2398"]
[BlackElo "2712"]
[TimeControl "180+1"]
[EndTime "8:02:20 PDT"]
[Termination "Alonmindlin won by resignation"]

1. Nf3 Nf6 2. b3 d5 3. Bb2 Bg4 4. e3 Nbd7 5. h3 Bxf3 6. Qxf3 c6 7. g4 e5 8. c4 Bd6 9. Nc3 e4 10. Qe2 Ne5 11. Qd1 Nf3+ 12. Ke2 dxc4 13. bxc4 Ba3 14. Nxe4 Bxb2 15. Nxf6+ Qxf6 16. Rb1 O-O-O 17. d3 Rhe8 18. Qb3 Nd4+ 0-1

[Event "Early-Titled-Tuesday-Blitz-July-09-2024"]
[Site "Chess.com"]
[Date "2024.07.09"]
[Round "1"]
[White "djano"]
[Black "FM_Kappeler"]
[Result "1-0"]
[WhiteElo "2607"]
[BlackElo "2261"]
[TimeControl "180+1"]
[EndTime "8:02:20 PDT"]
[Termination "djano won by checkmate"]

1. e4 c5 2. Nc3 e6 3. f4 a6 4. Nf3 d5 5. d3 Nc6 6. g3 g6 7. Bg2 Bg7 8. O-O Nge7 9. Qe1 O-O 10. Bd2 b5 11. g4 b4 12. Nd1 f5 13. gxf5 gxf5 14. e5 Kh8 15. Kh1 Rg8 16. Ng5 Qe8 17. Qh4 Qg6 18. Qxh7+ Qxh7 19. Nf7# 1-0

[Event "Early-Titled-Tuesday-Blitz-July-09-2024"]
[Site "Chess.com"]
[Date "2024.07.09"]
[Round "1"]
[White "Sinquefield"]
[Black "Zohid6"]
[Result "0-1"]
[WhiteElo "2519"]
[BlackElo "2982"]
[TimeControl "180+1"]
[EndTime "8:02:25 PDT"]
[Termination "Zohid6 won by resignation"]

1. d4 d5 2. Bg5 Nf6 3. Nd2 e6 4.
Ngf3 Be7 5. e3 c5 6. c3 Nc6 7. Bd3 O-O 8. O-O h6 9. Bh4 Nd7 10. Bxe7 Qxe7 11. e4 cxd4 12. cxd4 dxe4 13. Nxe4 Nf6 14.
Qe2 Rd8 15. Rad1 b6 16. Nxf6+ Qxf6 17. Qe4 Bb7 18. Qh7+ Kf8 19. Be4 Ke7 20. Ne5 Rh8 21. Nxc6+ Bxc6 22. Bxc6 Rxh7 23. Bxa8 Rh8 24. Bf3 Rd8 25.
b3 Rxd4 26. h3 Rxd1 27. Rxd1 Qb2 0-1

[Event "Early-Titled-Tuesday-Blitz-July-09-2024"]
[Site "Chess.com"]
[Date "2024.07.09"]
[Round "1"]
[White "dapsay"]
[Black "HighLawView"]
[Result "1-0"]
[WhiteElo "2548"]
[BlackElo "1980"]
[TimeControl "180+1"]
[EndTime "8:02:30 PDT"]
[Termination "dapsay won by resignation"]

1. e4 e5 2. Nf3 Nc6 3. Bb5 Nd4 4.
Ba4 Qf6 5. Nxd4 exd4 6. O-O Nh6 7. f4 Bc5 8. d3 O-O 9. Nd2 d6 10. h3 Qg6 11. Kh2 f5 12. Bb3+ Kh8 13. Qf3 a5 14. a3 Be6 15. Bxe6 Qxe6 16. b3 Rae8 17. Bb2 c6 18. Rae1 Qg6 19. Nc4 b5 20. Nxa5 Ra8 21.
b4 Bb6 22. Nxc6 Bd8 23. Nxd4 1-0

[Event "Early-Titled-Tuesday-Blitz-July-09-2024"]
[Site "Chess.com"]
[Date "2024.07.09"]
[Round "1"]
[White "Lion-Al-Messi"]
[Black "AlexandraSamaganova"]
[Result "0-1"]
[WhiteElo "2655"]
[BlackElo "2376"]
[TimeControl "180+1"]
[EndTime "8:02:42 PDT"]
[Termination "AlexandraSamaganova won by resignation"]

1. e4 c5 2. Nf3 e6 3. d4 cxd4 4.
Nxd4 a6 5. Bd3 Bc5 6. Nb3 Be7 7. Qg4 Nf6 8. Qxg7 Rg8 9. Qh6 Rxg2 10. Qh3 Rg8 11.
e5 Nd5 12. Qxh7 Rf8 13. Bh6 Nc6 14. Bxf8 Bxf8 15. Rg1 Nxe5 16. Rg8 Nf6 17. Rxf8+ Kxf8 18. Qh4 Nf3+ 19. Ke2 Nxh4 20. Nc3 d5 21. Rg1 e5 22. f3 e4 23. fxe4 dxe4 24. Bc4 Bg4+ 25. Ke3 Qb6+ 26. Nd4 Nf5+ 0-1

[Event "Early-Titled-Tuesday-Blitz-July-09-2024"]
[Site "Chess.com"]
[Date "2024.07.09"]
[Round "1"]
[White "chessdjw"]
[Black "LileKoridze"]
[Result "1-0"]
[WhiteElo "2780"]
[BlackElo "2429"]
[TimeControl "180+1"]
[EndTime "8:03:04 PDT"]
[Termination "chessdjw won by resignation"]

1. d4 Nf6 2. Nf3 d5 3. c4 e6 4.
Nc3 Bb4 5. Bg5 O-O 6. e3 Nbd7 7.
cxd5 exd5 8. Bd3 h6 9. Bh4 c5 10.
O-O cxd4 11. Nxd5 Bd6 12. Nxd4 Ne5 13. Nxf6+ gxf6 14. Bf5 Ng6 15. Qg4 Kg7 16. Rfd1 Qe7 17. Bxc8 Raxc8 18. Nf5+ 1-0

[Event "Early-Titled-Tuesday-Blitz-July-09-2024"]
[Site "Chess.com"]
[Date "2024.07.09"]
[Round "1"]
[White "Aygehovit1992"]
[Black "IMVadim"]
[Result "1-0"]
[WhiteElo "2784"]
[BlackElo "2429"]
[TimeControl "180+1"]
[EndTime "8:03:16 PDT"]
[Termination "Aygehovit1992 won by resignation"]

1. e4 c5 2. Nc3 a6 3. d4 cxd4 4. Qxd4 Nc6 5. Qe3 b5 6. a4 b4 7.
Nd5 Rb8 8. a5 Nxa5 9. Qa7 Bb7 10. Rxa5 e6 11. Bf4 d6 12. Nb6 Ne7 13. Bxa6 Nc6 14.
Bb5 Qc7 15. Bxc6+ 1-0

[Event "Early-Titled-Tuesday-Blitz-July-09-2024"]
[Site "Chess.com"]
[Date "2024.07.09"]
[Round "1"]
[White "Chesstiger64"]
[Black "Timerkhanov"]
[Result "0-1"]
[WhiteElo "2368"]
[BlackElo "2683"]
[TimeControl "180+1"]
[EndTime "8:03:30 PDT"]
[Termination "Timerkhanov won by resignation"]

1. d4 d5 2. Nf3 Nf6 3. e3 Bf5 4. c4 c6 5. Nc3 e6 6. Bd3 Bxd3 7.
Qxd3 Nbd7 8. O-O Bb4 9. Bd2 a5 10. b3 O-O 11. a3 Bxc3 12. Bxc3 Ne4 13. Bb2 f5 14. Nd2 Qb6 15. Rfd1 Qa6 16. f3 Nxd2 17. Rxd2 a4 18. cxd5 Qxd3 19. Rxd3 exd5 20. Rb1 Rf7 21. Bc3 Nb6 22. Bb4 axb3 23. Rdxb3 Nc4 24. Kf2 b5 25. h3 Rfa7 26. Ra1 Kf7 27. Ke2 Ke6 28. Kd3 g6 29. Bc5 Ra4 30. e4 fxe4+ 31. fxe4 dxe4+ 32. Kxe4 Nd2+ 0-1

[Event "Early-Titled-Tuesday-Blitz-July-09-2024"]
[Site "Chess.com"]
[Date "2024.07.09"]
[Round "1"]
[White "Oleg_Papayan"]
[Black "Ati1517"]
[Result "1-0"]
[WhiteElo "2552"]
[BlackElo "2059"]
[TimeControl "180+1"]
[EndTime "8:03:31 PDT"]
[Termination "Oleg_Papayan won by resignation"]

1. d4 Nf6 2. Nc3 d5 3. Bf4 c5 4.
e4 Nxe4 5. Nxe4 dxe4 6. dxc5 Qa5+ 7. c3 Qxc5 8. Qa4+ Nc6 9. Qxe4 g6 10. Nf3 Bg7 11. Rd1 Bf5 12. Qa4 O-O 13. Bb5 e5 14.
Be3 Qe7 15. O-O Nd8 16. Rfe1 a6 17. Bg5 f6 18. Be3 axb5 19. Qxa8 Bc2 20. Rd5 Ba4 21. Bc5 Qe6 22. Rxd8 1-0

[Event "Early-Titled-Tuesday-Blitz-July-09-2024"]
[Site "Chess.com"]
[Date "2024.07.09"]
[Round "1"]
[White "Shuvalov"]
[Black "carloseduar100"]
[Result "1-0"]
[WhiteElo "2598"]
[BlackElo "2248"]
[TimeControl "180+1"]
[EndTime "8:03:32 PDT"]
[Termination "Shuvalov won by resignation"]

1. c4 e6 2. d4 d5 3. Nc3 Nf6 4. Nf3 a6 5. cxd5 exd5 6. Qb3 c6 7. e4 dxe4 8. Ng5 Qe7 9. Bc4 Nd5 10. Nxd5 cxd5 11.
Bxd5 Nc6 12. Bxf7+ Kd8 13. O-O h6 14. Ne6+ Bxe6 15.
Bxe6 Qc7 16. d5 Nb4 17. Be3 Nd3 18. Bb6 1-0

[Event "Early-Titled-Tuesday-Blitz-July-09-2024"]
[Site "Chess.com"]
[Date "2024.07.09"]
[Round "1"]
[White "Ratkovic_Miloje"]
[Black "isla88"]
[Result "1-0"]
[WhiteElo "2789"]
[BlackElo "2432"]
[TimeControl "180+1"]
[EndTime "8:03:37 PDT"]
[Termination "Ratkovic_Miloje won by resignation"]

1. e4 d6 2. d4 Nf6 3. Nc3 Nbd7 4. h3 e5 5. Nge2 c6 6. g4 h6 7. Bg2 Be7 8. O-O Qc7 9. Be3 O-O 10. f4 exf4 11. Nxf4 b5 12. a3 Bb7 13. h4 Nb6 14. g5 hxg5 15. hxg5 Nfd7 16. Qh5 Nc4 17. Rf3 Bxg5 18. Qxg5 Nxe3 19. Rxe3 Nf6 20. Rg3 Ne8 21. Rh3 f6 22. Qh5 d5 23. Ne6 1-0

[Event "Early-Titled-Tuesday-Blitz-July-09-2024"]
[Site "Chess.com"]
[Date "2024.07.09"]
[Round "1"]
[White "SuanTiltado"]
[Black "Statham_01"]
[Result "0-1"]
[WhiteElo "2364"]
[BlackElo "2678"]
[TimeControl "180+1"]
[EndTime "8:03:37 PDT"]
[Termination "Statham_01 won by resignation"]

1. d4 d5 2. c4 Nc6 3. Nf3 Bg4 4. Nc3 e6 5. e3 Nf6 6. Be2 dxc4 7. Bxc4 Bd6 8. O-O O-O 9. h3 Bh5 10. Be2 e5 11. d5 Ne7 12. e4 Bg6 13. Nd2 c6 14.
Bf3 Bb4 15. Qb3 Bxc3 16. bxc3 cxd5 17. exd5 e4 18. Be2 Nexd5 19. c4 Nf4 20. Re1 Re8 21.
Qxb7 Rb8 22. Qxa7 Qd6 23. Nb3 Nxe2+ 24. Rxe2 Qd1+ 25. Kh2 0-1

[Event "Early-Titled-Tuesday-Blitz-July-09-2024"]
[Site "Chess.com"]
[Date "2024.07.09"]
[Round "1"]
[White "jup1978"]
[Black "sergoy"]
[Result "0-1"]
[WhiteElo "2511"]
[BlackElo "2929"]
[TimeControl "180+1"]
[EndTime "8:03:38 PDT"]
[Termination "sergoy won by resignation"]

1. e4 c5 2. Nf3 d6 3. Bb5+ Nd7 4.
c3 Nf6 5. Bd3 e6 6. O-O a6 7.
Bc2 c4 8. b3 b5 9. Qe2 Qc7 10. a4 cxb3 11. Bxb3 Nc5 12. Bc2 Nxa4 13. Bxa4 bxa4 14. Rxa4 Be7 15. d4 O-O 16. Bf4 Bd7 17. Ra1 Bb5 18. Qd1 Bxf1 19. Qxf1 Nxe4 20. Qd3 Qc6 21. c4 Rfc8 22. Na3 Nf6 23. h4 Qe4 24. Qd2 Rab8 25. h5 Nxh5 0-1

[Event "Early-Titled-Tuesday-Blitz-July-09-2024"]
[Site "Chess.com"]
[Date "2024.07.09"]
[Round "1"]
[White "guillembaches"]
[Black "Volodar_Murzin"]
[Result "1-0"]
[WhiteElo "2539"]
[BlackElo "2981"]
[TimeControl "180+1"]
[EndTime "8:03:40 PDT"]
[Termination "guillembaches won by resignation"]

1. e4 c5 2. Nf3 d6 3. d4 cxd4 4. Nxd4 Nf6 5. Nc3 a6 6. Be2 e6 7. g4 h6 8. h4 Be7 9. Rg1 Nfd7 10. g5 hxg5 11. hxg5 g6 12. a3 b5 13. Be3 Bb7 14. Qd2 Nc5 15. f3 Nbd7 16. O-O-O Nb6 17. Rh1 Rf8 18. Kb1 d5 19. exd5 Nxd5 20. Nxd5 exd5 21.
Nxb5 axb5 22. Bxc5 Bc6 23. Rhe1 1-0

[Event "Early-Titled-Tuesday-Blitz-July-09-2024"]
[Site "Chess.com"]
[Date "2024.07.09"]
[Round "1"]
[White "Sondremelaa"]
[Black "Vaporwaffle94"]
[Result "0-1"]
[WhiteElo "2554"]
[BlackElo "2189"]
[TimeControl "180+1"]
[EndTime "8:03:40 PDT"]
[Termination "Vaporwaffle94 won by resignation"]

1. e4 e6 2. d4 d5 3. e5 c5 4. c3 Bd7 5. Nf3 Qb6 6. Be2 Bb5 7. O-O Bxe2 8. Qxe2 Qa6 9. Qe3 Nh6 10. Nbd2 Nf5 11. Qf4 h5 12. h3 Nc6 13. dxc5 Bxc5 14. b4 Be7 15. a4 Qd3 16. Bb2 Rg8 17. h4 f6 18. Rfd1 g5 19. hxg5 fxg5 20. Qh2 O-O-O 21.
Nf1 Qc2 22. Rd2 Qb3 23. Qxh5 g4 24. Nd4 Ncxd4 25. cxd4 Rh8 26. Qxg4 Rdg8 27. Qe2 Rxg2+ 0-1

[Event "Early-Titled-Tuesday-Blitz-July-09-2024"]
[Site "Chess.com"]
[Date "2024.07.09"]
[Round "1"]
[White "MusicCityMaster"]
[Black "Iball95"]
[Result "0-1"]
[WhiteElo "2500"]
[BlackElo "2922"]
[TimeControl "180+1"]
[EndTime "8:03:47 PDT"]
[Termination "Iball95 won by resignation"]

1. e4 c5 2. Nf3 Nc6 3. d3 e6 4. g3 d5 5. Bg2 Nf6 6. Nbd2 g6 7.
O-O Bg7 8. c3 O-O 9. e5 Ng4 10. d4 cxd4 11. cxd4 f6 12. h3 Nh6 13. Nb3 fxe5 14. Nxe5 Nf5 15. Nxc6 bxc6 16. Bf4 a5 17. Be5 Bxe5 18. dxe5 Qb6 19. g4 Ng3 20. Qd4 Ne2+ 0-1

[Event "Early-Titled-Tuesday-Blitz-July-09-2024"]
[Site "Chess.com"]
[Date "2024.07.09"]
[Round "1"]
[White "GMAkobianSTL"]
[Black "wild3000"]
[Result "1-0"]
[WhiteElo "2836"]
[BlackElo "2462"]
[TimeControl "180+1"]
[EndTime "8:03:48 PDT"]
[Termination "GMAkobianSTL won by resignation"]

1. d4 Nf6 2. c4 e6 3. Nf3 b6 4.
a3 Bb7 5. Nc3 Be7 6. Bf4 O-O 7.
e3 d6 8. Bd3 Nh5 9. Bg3 f5 10.
Nd2 Nf6 11. d5 exd5 12. cxd5 g6 13. Nf3 Nxd5 14. Bc4 c6 15. Nxd5 Kg7 16. Nxe7 Qxe7 17. Bxd6 Qf6 18. Be5 1-0

[Event "Early-Titled-Tuesday-Blitz-July-09-2024"]
[Site "Chess.com"]
[Date "2024.07.09"]
[Round "1"]
[White "Aslanov_Umid"]
[Black "mouseslips_are_the_best"]
[Result "1-0"]
[WhiteElo "2636"]
[BlackElo "2316"]
[TimeControl "180+1"]
[EndTime "8:03:57 PDT"]
[Termination "Aslanov_Umid won by resignation"]

1. e4 e6 2. d4 d5 3. Nd2 c5 4. exd5 exd5 5. Ngf3 Nc6 6. Bb5 Qe7+ 7.
Qe2 Qxe2+ 8. Kxe2 a6 9. Bxc6+ bxc6 10. Re1 f6 11. Kf1+ Kf7 12. c4 a5 13. Kg1 Be6 14. b3 Rd8 15. Bb2 Nh6 16. Rac1 dxc4 17. Nxc4 a4 18. bxa4 Nf5 19. dxc5 Bxc5 20. Nce5+ fxe5 21. Rxc5 e4 22. Ng5+ Ke7 23. Re5 1-0

[Event "Early-Titled-Tuesday-Blitz-July-09-2024"]
[Site "Chess.com"]
[Date "2024.07.09"]
[Round "1"]
[White "Alexchess1984"]
[Black "IsuruAlahakoon"]
[Result "1-0"]
[WhiteElo "2801"]
[BlackElo "2445"]
[TimeControl "180+1"]
[EndTime "8:03:58 PDT"]
[Termination "Alexchess1984 won by checkmate"]

1. e4 d5 2. exd5 Qxd5 3. Nc3 Qa5 4. b4 Qe5+ 5. Be2 c6 6. Nf3 Qc7 7. O-O Nf6 8. b5 Bg4 9. h3 Bh5 10. Rb1 e6 11. bxc6 Nxc6 12. d4 Be7 13. Nb5 Qd7 14.
Bf4 O-O 15. Nc7 Rac8 16. Rxb7 Nd5 17. Nxd5 Qxb7 18. Nxe7+ Qxe7 19. c4 Rfd8 20. d5 exd5 21. cxd5 Nb4 22. d6 Qe4 23. Bg3 Rc2 24. Re1 Qc6 25. Ne5 Bxe2 26. Nxc6 Bxd1 27. Nxd8 Rd2 28.
Re8# 1-0

[Event "Early-Titled-Tuesday-Blitz-July-09-2024"]
[Site "Chess.com"]
[Date "2024.07.09"]
[Round "1"]
[White "GeorgiosSouleidis"]
[Black "michaelskie11"]
[Result "0-1"]
[WhiteElo "2668"]
[BlackElo "2388"]
[TimeControl "180+1"]
[EndTime "8:04:03 PDT"]
[Termination "michaelskie11 won by resignation"]

1. e4 e6 2. d4 d5 3. Nc3 Bb4 4. Ne2 dxe4 5. a3 Be7 6. Nxe4 Nf6 7. N2g3 O-O 8. c3 b6 9. Bd3 Bb7 10. Qc2 Nbd7 11. O-O h6 12. Bf4 c5 13. dxc5 Nxc5 14.
Nxc5 Bxc5 15. Rad1 Qc8 16. Qe2 Qc6 17. Ne4 Nxe4 18.
Bxe4 Qxe4 19. Qxe4 Bxe4 20. b4 Be7 21. Rd7 Bf6 22. Rc1 Rfc8 23. f3 Bd5 24. Bd2 a5 25. Kf2 axb4 26. axb4 Ra2 27. Ke1 Rxd2 28. Kxd2 Bg5+ 0-1

[Event "Early-Titled-Tuesday-Blitz-July-09-2024"]
[Site "Chess.com"]
[Date "2024.07.09"]
[Round "1"]
[White "BashirovKemal"]
[Black "Javylavilla"]
[Result "1-0"]
[WhiteElo "2686"]
[BlackElo "2374"]
[TimeControl "180+1"]
[EndTime "8:04:08 PDT"]
[Termination "BashirovKemal won by resignation"]

1. e4 c5 2. Nf3 Nc6 3. d4 cxd4 4. Nxd4 Nf6 5. Nc3 d6 6. Bc4 e6 7. O-O a6 8. Bb3 Be7 9. Be3 O-O 10. f4 Bd7 11. f5 e5 12. Nf3 b5 13. Bg5 b4 14. Bxf6 Bxf6 15. Nd5 Bg5 16. c3 bxc3 17. bxc3 Na5 18. Qe1 Bh6 19. g4 Bb5 20. Rf2 g6 21. Rg2 Bc4 22. Bxc4 Nxc4 23. g5 Bg7 24. f6 Bh8 25.
Ne7+ 1-0

[Event "Early-Titled-Tuesday-Blitz-July-09-2024"]
[Site "Chess.com"]
[Date "2024.07.09"]
[Round "1"]
[White "WindWhistler11"]
[Black "Vaathi_Coming"]
[Result "0-1"]
[WhiteElo "2493"]
[BlackElo "2907"]
[TimeControl "180+1"]
[EndTime "8:04:09 PDT"]
[Termination "Vaathi_Coming won by resignation"]

1. Nf3 Nf6 2. g3 b6 3. Bg2 Bb7 4. d3 d5 5. Nbd2 e6 6. a4 c5 7. a5 Be7 8. e4 dxe4 9. Ng5 O-O 10. Ngxe4 Nxe4 11. dxe4 Nd7 12. a6 Bc6 13. O-O Qc7 14. Re1 Rad8 15. Qe2 b5 16. c4 Ne5 17. cxb5 Be8 18.
Nc4 Bxb5 19. b3 Nc6 20. Be3 Nd4 21. Qb2 e5 22. Bd2 Bxc4 23. Ba5 Qb8 24. Bxd8 Rxd8 0-1

[Event "Early-Titled-Tuesday-Blitz-July-09-2024"]
[Site "Chess.com"]
[Date "2024.07.09"]
[Round "1"]
[White "bilosuvenosu06"]
[Black "DenLaz"]
[Result "0-1"]
[WhiteElo "2536"]
[BlackElo "3141"]
[TimeControl "180+1"]
[EndTime "8:04:11 PDT"]
[Termination "DenLaz won by checkmate"]

1. d4 f5 2. c4 Nf6 3. Nc3 d6 4.
Nf3 g6 5. g3 Bg7 6. Bg2 O-O 7.
O-O c6 8. Re1 Na6 9. Qc2 Qc7 10.
a3 e5 11. dxe5 dxe5 12. e4 f4 13. b4 Nh5 14. Bb2 Bg4 15. Nd2 Rad8 16. Nb3 Qf7 17. Bf1 Nc7 18. Nc5 b6 19. Nd3 Ne6 20. Ne2 fxg3 21.
Nxg3 Ng5 22. Re2 Nf4 23. Re3 Nfh3+ 24. Kg2 Bf3+ 25. Rxf3 Qxf3# 0-1

[Event "Early-Titled-Tuesday-Blitz-July-09-2024"]
[Site "Chess.com"]
[Date "2024.07.09"]
[Round "1"]
[White "Cheer_Down"]
[Black "Vahe_Danielyan"]
[Result "0-1"]
[WhiteElo "2422"]
[BlackElo "2768"]
[TimeControl "180+1"]
[EndTime "8:04:15 PDT"]
[Termination "Vahe_Danielyan won by resignation"]

1. e4 e5 2. Nf3 Nc6 3. Bc4 Nf6 4. d3 h6 5. O-O d6 6. c3 g5 7. Nbd2 Bg7 8. Bb3 O-O 9. h3 d5 10. Qc2 dxe4 11. dxe4 Nh5 12. Nc4 Qf6 13. Ne3 Nf4 14. Nd5 Nxd5 15. exd5 Ne7 16. Re1 Ng6 17. Qe2 Bf5 18. Bc2 Rae8 19. Bxf5 Qxf5 20. Qe4 Qd7 21. g4 f5 22. gxf5 Rxf5 23. Be3 Ref8 24. Qg4 Qxd5 25. Nd2 Nh4 26. c4 Qc6 27. b3 Qg6 28. Bc5 Rf4 29. Qe2 Rd8 30. Ne4 Qf5 0-1

[Event "Early-Titled-Tuesday-Blitz-July-09-2024"]
[Site "Chess.com"]
[Date "2024.07.09"]
[Round "1"]
[White "mishanick"]
[Black "chess_peak"]
[Result "1-0"]
[WhiteElo "3107"]
[BlackElo "2534"]
[TimeControl "180+1"]
[EndTime "8:04:27 PDT"]
[Termination "mishanick won by resignation"]

1. d4 Nf6 2. c4 e6 3. Nc3 d5 4. Bd2 Be7 5. Nf3 O-O 6. e3 b6 7.
Bd3 Bb7 8. O-O Nbd7 9. cxd5 exd5 10. Ne5 c5 11. f4 Ne4 12. Be1 cxd4 13. exd4 Rc8 14.
Qa4 Nxe5 15. fxe5 a5 16. Qb3 Bb4 17. a3 Bxc3 18. bxc3 Qg5 19. Rf3 Nd2 20. Bxd2 Qxd2 21. Rd1 Qh6 22. Rh3 1-0

[Event "Early-Titled-Tuesday-Blitz-July-09-2024"]
[Site "Chess.com"]
[Date "2024.07.09"]
[Round "1"]
[White "dealshark"]
[Black "juancruzarias"]
[Result "0-1"]
[WhiteElo "2377"]
[BlackElo "2690"]
[TimeControl "180+1"]
[EndTime "8:04:28 PDT"]
[Termination "juancruzarias won by checkmate"]

1. e4 c6 2. d4 d5 3. Nc3 dxe4 4. Nxe4 Nf6 5. Nxf6+ exf6 6. Bf4 Bd6 7. Bxd6 Qxd6 8.
Nf3 Qb4+ 9. Qd2 Qxb2 10. Rc1 Qxa2 11. Bd3 O-O 12. O-O Qd5 13. c4 Qd6 14. c5 Qc7 15. Qc2 h6 16. Qe2 Be6 17. Qe4 f5 18. Qh4 Nd7 19. Rfe1 Nf6 20. Ne5 Rad8 21. Re3 Ng4 22.
Nxg4 fxg4 23. Rxe6 fxe6 24. Qxg4 Qf4 25. Qxe6+ Kh8 26.
Rf1 Qxd4 27. Bb1 Qxf2+ 28. Rxf2 Rd1+ 29. Rf1 Rdxf1# 0-1

[Event "Early-Titled-Tuesday-Blitz-July-09-2024"]
[Site "Chess.com"]
[Date "2024.07.09"]
[Round "1"]
[White "DawidCzerw"]
[Black "nrvisakh"]
[Result "0-1"]
[WhiteElo "2507"]
[BlackElo "2938"]
[TimeControl "180+1"]
[EndTime "8:04:29 PDT"]
[Termination "nrvisakh won by resignation"]

1. e4 e6 2. d4 d5 3. Nc3 Bb4 4.
e5 c5 5. a3 Bxc3+ 6. bxc3 Qc7 7.
Qg4 Ne7 8. Qxg7 Rg8 9. Qxh7 Nbc6 10. Ne2 cxd4 11. cxd4 Nxd4 12. Nxd4 Qc3+ 13. Ke2 Qxa1 14. Be3 Bd7 15. f3 O-O-O 16. Kf2 Nc6 17. Nxc6 Bxc6 18. Qxf7 Qxe5 19. f4 Qe4 20. c3 d4 21. cxd4 Rxg2+ 22. Bxg2 Qxg2+ 23. Ke1 Qxh1+ 0-1

[Event "Early-Titled-Tuesday-Blitz-July-09-2024"]
[Site "Chess.com"]
[Date "2024.07.09"]
[Round "1"]
[White "jbking07"]
[Black "Nitzan_Steinberg"]
[Result "0-1"]
[WhiteElo "2478"]
[BlackElo "2878"]
[TimeControl "180+1"]
[EndTime "8:04:32 PDT"]
[Termination "Nitzan_Steinberg won by resignation"]

1. e4 c5 2. Nf3 e6 3. d4 cxd4 4.
Nxd4 Nc6 5. Nc3 Qc7 6. Be3 a6 7.
a3 Nf6 8. f4 d6 9. Qf3 Bd7 10.
O-O-O Be7 11. Nxc6 Bxc6 12. Rg1 Rc8 13. g4 d5 14. g5 Nxe4 15. Nxe4 dxe4 16. Qf2 Bd5 17. Bh3 Qc4 18. f5 Qa2 19. Bd4 Bb3 20. Bc3 Rxc3 21.
bxc3 Bxa3+ 22. Kd2 Qxc2+ 23. Ke3 Bc5+ 24. Rd4 Qxc3+ 25. Kxe4 Bd5+ 26. Kf4 0-1

[Event "Early-Titled-Tuesday-Blitz-July-09-2024"]
[Site "Chess.com"]
[Date "2024.07.09"]
[Round "1"]
[White "aa175"]
[Black "JordanLoyd2020"]
[Result "1-0"]
[WhiteElo "2941"]
[BlackElo "2509"]
[TimeControl "180+1"]
[EndTime "8:04:35 PDT"]
[Termination "aa175 won by resignation"]

1. d4 d5 2. Bf4 Nf6 3. e3 e6 4. Nf3 c5 5. Nbd2 Nc6 6. c3 cxd4 7. exd4 Nh5 8. Bg3 g6 9. Bh4 f6 10. Bb5 Bd6 11. O-O O-O 12. c4 Ne7 13. Re1 Bc7 14.
cxd5 exd5 15. Rc1 Nf5 16. Bg3 Nhxg3 17. hxg3 a6 18. Bd3 Qd6 19. Qb3 b5 20. Ne4 Qd8 21.
Rxc7 Qxc7 22. Qxd5+ Be6 23. Qxe6+ Kg7 24. Nc5 Nxd4 25.
Qe7+ Rf7 26. Qxc7 Rxc7 27. Nxd4 Rxc5 28. Ne6+ 1-0

[Event "Early-Titled-Tuesday-Blitz-July-09-2024"]
[Site "Chess.com"]
[Date "2024.07.09"]
[Round "1"]
[White "GelmanAlexander"]
[Black "lildoggo2007"]
[Result "1-0"]
[WhiteElo "2721"]
[BlackElo "2403"]
[TimeControl "180+1"]
[EndTime "8:04:38 PDT"]
[Termination "GelmanAlexander won by resignation"]

1. c4 Nf6 2. d3 g6 3. Nf3 Bg7 4. e3 O-O 5. Be2 b6 6. Qc2 Bb7 7. O-O c5 8. Nbd2 d5 9. cxd5 Nxd5 10. a3 Nd7 11. Ne4 N7f6 12. Ng3 Qd7 13. Bd2 Rfd8 14.
Rfd1 e6 15. Rac1 Ne7 16. Qb1 Rac8 17. h3 h5 18. b4 cxb4 19. axb4 Rxc1 20. Bxc1 a5 21.
bxa5 bxa5 22. e4 Ba6 23. Qa2 a4 24. Be3 Ne8 25. d4 Bxe2 26. Nxe2 Qc6 27. Ng3 Nc7 28.
Rc1 Qd7 29. Bf4 Nb5 30. Ne2 a3 31. Ne5 Bxe5 32. Bxe5 Nc6 33. Bf6 Ra8 34. d5 Nb4 35. Qc4 Ra4 36. Qc8+ 1-0

[Event "Early-Titled-Tuesday-Blitz-July-09-2024"]
[Site "Chess.com"]
[Date "2024.07.09"]
[Round "1"]
[White "wannabe2700"]
[Black "LewAnatol"]
[Result "0-1"]
[WhiteElo "2557"]
[BlackElo "2184"]
[TimeControl "180+1"]
[EndTime "8:04:38 PDT"]
[Termination "LewAnatol won by resignation"]

1. b3 d5 2. Bb2 Nc6 3. e3 a6 4.
f4 Nf6 5. Be2 g6 6. g4 e5 7.
fxe5 Nxg4 8. Nf3 Bg7 9. O-O O-O 10. Nc3 Ngxe5 11. Nxe5 Nxe5 12. d4 Qg5+ 13. Kh1 Ng4 14. Bc1 Nxe3 15. Bxe3 Qxe3 16. Nxd5 Qxd4 17. Nxc7 Qh4 18.
Nxa8 Be5 0-1

[Event "Early-Titled-Tuesday-Blitz-July-09-2024"]
[Site "Chess.com"]
[Date "2024.07.09"]
[Round "1"]
[White "Ruprecht_der_Knecht"]
[Black "LunaTheTuna2013"]
[Result "1/2-1/2"]
[WhiteElo "2538"]
[BlackElo "1995"]
[TimeControl "180+1"]
[EndTime "8:04:43 PDT"]
[Termination "Game drawn by repetition"]

1. c4 Nf6 2. Nc3 e6 3. e3 d5 4.
Nf3 c5 5. b3 Nc6 6. cxd5 exd5 7. d4 b6 8. Bb2 Bb7 9. Bb5 Bd6 10. Ne5 Qc7 11. f4 O-O 12. O-O cxd4 13. exd4 a6 14.
Bxc6 Bxc6 15. Rc1 Qb7 16. Nxc6 Qxc6 17. Ne4 Qd7 18. Nxf6+ gxf6 19. Qd3 Qg4 20. h3 Qg6 21. f5 Qg5 22. Rc6 Bf4 23. Bc1 Bxc1 24. Rfxc1 Kh8 25.
Rf1 Rg8 26. Qf3 b5 27. Kh1 Qd2 28. Qf2 Qg5 29. Qf3 Qd2 30. Qf2 Qg5 31. Qf3 1/2-1/2